 Dungeon Crawl Stone Soup version 0.24-a0-521-g122614bf49 (webtiles) character file.

Game seed: 18088181135667481994

107 Gynju the Magician (level 4, 0/36 HPs)
             Began as a Naga Wizard on July 29, 2019.
             Splashed by an orc priest's acid (13 damage)
             ... on level 3 of the Dungeon.
             The game lasted 00:05:32 (3236 turns).

Gynju the Magician (Naga Wizard)                    Turns: 3236, Time: 00:05:32

Health: 0/36       AC:  0    Str: 10    XL:     4   Next: 85%
Magic:  3/10       EV: 10    Int: 19    God:
Gold:   74         SH:  0    Dex:  9    Spells: 10/11 levels left

rFire    . . .     SeeInvis +   g - +0 dagger
rCold    . . .     Gourm    .   (no shield)
rNeg     . . .     Faith    .   a - +0 robe
rPois    +         Spirit   .   b - +0 hat
rElec    .         Reflect  .   p - +0 cloak
rCorr    .         Harm     .   (no gloves)
MR       .....                  (no barding)
Stlth    ++........             (no amulet)
HPRegen  0.12/turn              (no ring)
MPRegen  0.12/turn              (no ring)

@: corroded, very slow
A: large, see invisible, deformed body, poison resistance, slowness 2, slow
metabolism 1, spit poison 1, AC +1
a: Spit Poison


You were on level 3 of the Dungeon.
You were not hungry.

You visited 1 branch of the dungeon, and saw 3 of its levels.

You collected 74 gold pieces.

Inventory:

Hand Weapons
 g - a +0 dagger (weapon)
Armour
 a - a +0 robe (worn)
 b - a +0 hat (worn)
 c - a +0 ring mail of poison resistance
 p - a +0 cloak (worn)
Scrolls
 f - a scroll of noise {unknown}
 i - a scroll of fog {unknown}
 j - 2 scrolls of identify {unknown}
 k - a scroll of teleportation {unknown}
 n - a scroll of amnesia {unknown}
Potions
 e - a potion of curing {unknown}
 h - 3 potions of magic {unknown}
 l - a potion of lignification {unknown}
 o - a potion of might {unknown}
 q - 2 potions of berserk rage {unknown}
Comestibles
 d - 4 rations


   Skills:
 - Level 1.5 Dodging
 - Level 3.0 Stealth
 + Level 4.1 Spellcasting
 + Level 3.1 Conjurations
   Level 1.0 Summonings
   Level 1.0 Translocations


You had 10 spell levels left.
You knew the following spells:

 Your Spells              Type           Power        Failure   Level  Hunger
a - Magic Dart            Conj           ###.         3%          1    None

Your spell library contained the following spells:

 Spells                   Type           Power        Failure   Level  Hunger
 Blink                    Tloc           N/A          14%         2    ##.....
 Call Imp                 Summ           #.......     14%         2    ##.....
 Slow                     Hex            #.......     21%         2    ##.....
 Conjure Flame            Conj/Fire      ##......     22%         3    ###....
 Mephitic Cloud           Conj/Pois/Air  #.......     26%         3    ###....


Dungeon Overview and Level Annotations

Branches:
Dungeon (3/15)

Altars:
The Shining One


Innate Abilities, Weirdness & Mutations

You cannot wear boots.
Your serpentine skin is tough. (AC +1)
You have supernaturally acute eyesight. (SInv)
Armour fits poorly on your strangely shaped body.
Your system is resistant to poisons. (rPois)
You cover ground very slowly.
You have a slow metabolism.
You can spit poison.


Message History

The orc priest zaps a wand.
The bolt of acid misses you.
Casting: Magic Dart (safe; 3% risk of failure)
Confirm with . or Enter, or press ? or * to list all spells.
Aiming: Magic Dart (safe; 3% risk of failure)
Press: ? - help, Shift-Dir - straight line, f - kobold
Aim: a kobold, wielding a +0 dagger The magic dart hits the kobold.
You kill the kobold!
Casting: Magic Dart (safe; 3% risk of failure)
Confirm with . or Enter, or press ? or * to list all spells.
Aiming: Magic Dart (safe; 3% risk of failure)
Press: ? - help, Shift-Dir - straight line, f - jackal
Aim: a jackal The magic dart hits the jackal.
The jackal is moderately wounded.
The jackal bites you but does no damage.
The jackal bites you.
The orc priest zaps a wand.
The bolt of acid hits you!!
Ouch! That really hurt!
The acid corrodes you!
You are splashed with acid!
You die...

...... ......
####...... .##
#......!.. ....
#...).....
#..#.).......
#............
#h@.......
.......†.......
#.#.##.o.)#####
# #.##... #.
#... .. .....
.# .... .. ....


You could see an orc priest and a jackal.

Vanquished Creatures
  5 adders
  An ooze (D:1)
  A worm (D:2)
  2 dart slugs
  4 orcs
  4 hobgoblins
  7 jackals
  3 quokkas
  3 ball pythons
  7 bats
  2 frilled lizards
  3 goblins
  2 kobolds
  4 rats
48 creatures vanquished.

Notes
Turn   | Place    | Note
-------+----------+-------------------------------------------
     0 | D:1      | Gynju the Naga Wizard began the quest for the Orb.
     0 | D:1      | Reached XP level 1. HP: 15/15 MP: 4/4
   451 | D:1      | Reached XP level 2. HP: 14/22 MP: 0/6
  1607 | D:2      | Reached XP level 3. HP: 28/28 MP: 0/8
  2461 | D:3      | Reached XP level 4. HP: 36/36 MP: 7/9
  2480 | D:3      | Found a glowing golden altar of the Shining One.
  2517 | D:3      | Noticed a centaur
  2690 | D:3      | Reached skill level 4 in Spellcasting
  2849 | D:3      | Found a faded altar of an unknown god.
  2896 | D:3      | HP: 1/36 [jackal (1)]
  3236 | D:3      | Splashed by an orc priest's acid

Levels and vault maps discovered:
D:1:      dpeg_arrival_rhombus, layout_basic, serial_bayou_pond_c
D:2:      layout_basic
D:3:      layout_rooms, nicolae_overflow_crystal_walls,
          chequers_ecumenical_altar_island, minmay_crystal_water

Skill      XL: |  1  2  3  4 |
---------------+-------------+-----
Conjurations   | 2 3 |  3.1
Spellcasting   | 4 |  4.1
Dodging        | |  1.5
Stealth        | |  3.0
Summonings     | |  1.0
Translocations | |  1.0

Action                   |  1- 3 |  4- 6 || total
-------------------------+-------+-------++-------
Melee: Unarmed           |    11 |       ||    11
       Dagger            |       |    11 ||    11
 Cast: Magic Dart        |    75 |    55 ||   130
 Abil: Spit Poison       |       |     1 ||     1
 Stab: Sleeping          |     1 |       ||     1
  Eat: Chunk             |     3 |     2 ||     5
Armor: Robe              |     1 |    32 ||    33
Dodge: Dodged            |    11 |    57 ||    68

Table legend:
 A = Non-vault XP
 B = Vault XP
 C = Vault XP percentage of total XP
 D = Non-vault monster count
 E = Vault monster count
 F = Vault count percentage of total count
                 A         B        C        D         E       F
            +---------+---------+-------+---------+---------+-------
      Total |     153 |       0 |   0.0 |      48 |       0 |   0.0
            +---------+---------+-------+---------+---------+-------
        D:1 |      24 |       0 |   0.0 |      13 |       0 |   0.0
        D:2 |      51 |       0 |   0.0 |      12 |       0 |   0.0
        D:3 |      78 |       0 |   0.0 |      23 |       0 |   0.0
            +---------+---------+-------+---------+---------+-------
